 Dungeon Crawl Stone Soup version 0.20.1-1-g8b1a95d (webtiles) character file.

122 tmwrnj the Skirmisher (level 5, 0/47 HPs)
             Began as a Hill Orc Fighter on Oct 27, 2017.
             Slain by a hound (3 damage)
             ... on level 4 of the Dungeon.
             The game lasted 00:07:31 (2698 turns).

tmwrnj the Skirmisher (Hill Orc Fighter)            Turns: 2698, Time: 00:07:32

Health: 0/47       AC:  7    Str: 19    XL:     5   Next: 6%
Magic:  5/5        EV:  7    Int:  8    God:
Gold:   171        SH:  9    Dex: 11    Spells: 4/4 levels left

rFire    . . .     SeeInvis .   a - +0 war axe
rCold    . . .     Gourm    .   c - +0 shield
rNeg     . . .     Faith    .   b - +0 scale mail
rPois    .         Spirit   .   (no helmet)
rElec    .         Reflect  .   (no cloak)
rCorr    .         Harm     .   (no gloves)
MR       .....                  (no boots)
Stlth    ..........             (no amulet)
Regen    0.2/turn               (no ring)
MPRegen  0.1/turn               (no ring)

@: no status effects
A: no striking features
a: no special abilities


You were on level 4 of the Dungeon.
You were not hungry.

You visited 1 branch of the dungeon, and saw 4 of its levels.

You collected 171 gold pieces.

Inventory:

Hand Weapons
 a - a +0 war axe (weapon)
Armour
 b - a +0 scale mail (worn)
 c - a +0 shield (worn)
Jewellery
 m - a cursed ring of fire {unknown}
 v - an uncursed ring of flight {unknown}
 x - a cursed -2 ring of strength {unknown}
Scrolls
 e - 2 scrolls of teleportation {unknown}
 i - a scroll of noise {unknown}
 j - a scroll of magic mapping {unknown}
 k - a scroll of fog {unknown}
 l - 2 scrolls of amnesia {unknown}
 q - 5 scrolls of identify {unknown}
 r - a scroll of blinking {unknown}
 s - 2 scrolls of immolation {unknown}
 y - a scroll of remove curse {unknown}
Potions
 d - a potion of might
 g - 3 potions of haste {unknown}
 h - a potion of resistance {unknown}
 n - a potion of cancellation
 p - a potion of magic {unknown}
 t - a potion of degeneration {unknown}
 w - 2 potions of curing
 A - a potion of lignification {unknown}
Comestibles
 f - 3 bread rations
 o - 2 meat rations
 u - a royal jelly
 z - a chunk of flesh


   Skills:
 + Level 4.5 Fighting
 + Level 4.1 Axes
 + Level 4.0 Armour
 + Level 0.4 Dodging
 + Level 0.1 Stealth
 + Level 4.1 Shields


You had 4 spell levels left.
You didn't know any spells.

Dungeon Overview and Level Annotations

Branches:
Dungeon (4/15)
 Temple: D:4-7

Altars:
Kikubaaqudgha

Annotations:
D:3 Sigmund


Message History

You closely miss the hound. The hound misses you. You block the hound's attack.
You closely miss the hound.
You feel sick. The hound bites you but does no damage.
You block the hound's attack.
You hit the hound but do no damage. You block the hound's attack.
The hound pauses to sniff the ground.
The hound bites you but does no damage.
You closely miss the hound.
You feel sick.
You are no longer poisoned.
The hound bites you.
* * * LOW HITPOINT WARNING * * *
You block the hound's attack.
You hit the hound but do no damage. The hound closely misses you.
The hound bites you but does no damage. You block the hound's attack.
You miss the hound. The hound bites you but does no damage.
The hound bites you.
* * * LOW HITPOINT WARNING * * *
You hit the hound.
The hound is lightly wounded.
The hound barely misses you. The hound bites you.
You die...

#. #.## #..#
..# #.## #..#
##..###
####.....#
#@...##..#
#.$h.#####..#
#....####
#..# ..##
#..# #..#
#..# ##..#
#..## ##...#


You could see a hound.

Vanquished Creatures
  4 adders
  A worm (D:3)
  2 dart slugs
  A leopard gecko (D:1)
  A ball python (D:2)
  6 giant cockroaches
  11 goblins
  8 hobgoblins
  6 jackals (D:2)
  10 kobolds
  8 bats
  4 frilled lizards
  8 rats
  7 plants (D:2)
77 creatures vanquished.

Notes
Turn   | Place    | Note
-------+----------+-------------------------------------------
     0 | D:1      | tmwrnj the Hill Orc Fighter began the quest for the Orb.
     0 | D:1      | Reached XP level 1. HP: 19/19 MP: 1/1
   164 | D:1      | Reached XP level 2. HP: 26/27 MP: 2/2
   482 | D:1      | Reached XP level 3. HP: 33/33 MP: 3/3
  1346 | D:2      | Reached XP level 4. HP: 39/41 MP: 4/4
  2219 | D:3      | Noticed Sigmund
  2294 | D:2      | Found an ancient bone altar of Kikubaaqudgha.
  2683 | D:4      | Reached XP level 5. HP: 22/47 MP: 5/5
  2698 | D:4      | Slain by a hound

Skill      XL: |  1  2  3  4 |
---------------+-------------+-----
Fighting       | 4 |  4.5
Axes           | 3 4 |  4.1
Shields        | 4 |  4.1
Armour         | 4 |  4.0
Dodging        | |  0.4
Stealth        | |  0.1

Action                   |  1- 3 |  4- 6 || total
-------------------------+-------+-------++-------
Melee: War axe           |   103 |   259 ||   362
  Use: Potion            |     2 |       ||     2
  Eat: Chunk             |     1 |     6 ||     7
Armor: Scale mail        |    55 |    62 ||   117
Dodge: Dodged            |    44 |    57 ||   101
Block: Shield            |    67 |    82 ||   149
